MLB
LOS ANGELES ANGELS @ CLEVELAND GUARDIANS
05/23/2108
 
TOP OF THE 1ST
Los Angeles Angels batting - Pitching for Cleveland Guardians : RHP Matt Mattingly
Pitching: RHP Matt Mattingly
Batting: RHB Gary Dennis 0-0: Called Strike
0-1: Foul Ball, location: 7LDF
0-2: Ball
1-2: Ball
2-2: Foul Ball, location: 2F
2-2: DOUBLE (Line Drive, 89XD, EV 110.6 MPH)
Batting: RHB Dan Boyd 0-0: Called Strike
0-1: Called Strike
0-2: Ball
1-2: Fly out, F8 (Line Drive, 8LM, EV 99.4 MPH)
Batting: RHB Sho Yasunaga 0-0: Ball
1-0: Called Strike
1-1: Ball
2-1: Called Strike
2-2: Ball
3-2: Fly out, F6 (Popup, 6M, EV 64.4 MPH)
Batting: RHB David Elson 0-0: Ball
1-0: Ground out 5-3 (Groundball, 5, EV 86.3 MPH)
Top of the 1st over - 0 runs, 1 hit, 0 errors, 1 left on base; Los Angeles 0 - Cleveland 0
BOTTOM OF THE 1ST
Cleveland Guardians batting - Pitching for Los Angeles Angels : RHP Ryan Masterson
Pitching: RHP Ryan Masterson
Batting: SHB Bobby Newman 0-0: Called Strike
0-1: Fly out, F9 (Flyball, 9D, EV 95.0 MPH)
Batting: RHB Dave Steinhart 0-0: Ball
1-0: DOUBLE (Flyball, 78D, EV 95.0 MPH)
Batting: RHB Brian Ellis 0-0: Called Strike
0-1: Ball
1-1: Ball
2-1: Fly out, F4 (Popup, 4M, EV 79.4 MPH)
Batting: RHB Gustavo Franco 0-0: Ball
1-0: Called Strike
1-1: Ball
2-1: SINGLE (Groundball, 6MD, EV 96.9 MPH)
Dave Steinhart to third
Runner from 3rd tries for Home, throw by CF and OUT! 8-2
Bottom of the 1st over - 0 runs, 2 hits, 0 errors, 1 left on base; Los Angeles 0 - Cleveland 0
TOP OF THE 2ND
Los Angeles Angels batting - Pitching for Cleveland Guardians : RHP Matt Mattingly
Batting: LHB Ed Miller 0-0: Fly out, F7 (Flyball, 78S, EV 90.6 MPH)
Batting: RHB Scott Hoagland 0-0: Called Strike
0-1: SINGLE (Groundball, 4MD, EV 96.3 MPH)
Batting: LHB Conor Long 0-0: Called Strike
0-1: Called Strike
0-2: Ball
1-2: Strikes out looking
Batting: RHB Jason Johnson 0-0: Foul Ball, location: 3F
0-1: Ball
1-1: Ball
2-1: 2-RUN HOME RUN (Flyball, 7D, EV 98.1 MPH), Distance : 373 ft
Batting: RHB Danny Adams 0-0: Ball
1-0: Ball
2-0: Ball
3-0: Called Strike
3-1: Called Strike
3-2: Strikes out looking
Top of the 2nd over - 2 runs, 2 hits, 0 errors, 0 left on base; Los Angeles 2 - Cleveland 0
BOTTOM OF THE 2ND
Cleveland Guardians batting - Pitching for Los Angeles Angels : RHP Ryan Masterson
Batting: RHB Bill Widby 0-0: Ball
1-0: Ball
2-0: Swinging Strike
2-1: Ball
3-1: Foul Ball, location: 2F
3-2: Fly out, F7 (Flyball, 78S, EV 93.1 MPH)
Batting: LHB Chris Pineiro 0-0: Foul Ball, location: 25F
0-1: Ball
1-1: Called Strike
1-2: Foul Ball, location: 7LMF
1-2: Ball
2-2: Ball
3-2: Strikes out looking
Batting: RHB Chris Roberts 0-0: Ground out 5-3 (Groundball, 56S, EV 71.3 MPH)
Bottom of the 2nd over - 0 runs, 0 hits, 0 errors, 0 left on base; Los Angeles 2 - Cleveland 0
TOP OF THE 3RD
Los Angeles Angels batting - Pitching for Cleveland Guardians : RHP Matt Mattingly
Batting: RHB Gary Dennis 0-0: Called Strike
0-1: Foul Ball, location: 9LDF
0-2: Ball
1-2: Ball
2-2: Reached on error, E6 (Groundball, 56, EV 99.4 MPH)
Batting: RHB Dan Boyd 0-0: Ball
Gary Dennis steals 2nd base
1-0: Swinging Strike
1-1: Ball
2-1: Fly out, F2 (Popup, 25F, EV 86.9 MPH)
Batting: RHB Sho Yasunaga 0-0: Called Strike
0-1: Ball
1-1: Ball
2-1: Foul Ball, location: 2F
2-2: Ball
3-2: Base on Balls
Batting: RHB David Elson 0-0: Foul Ball, location: 2F
0-1: Ball
1-1: DOUBLE (Line Drive, 78D, EV 108.1 MPH)
Gary Dennis scores
Sho Yasunaga to third
Batting: LHB Ed Miller 0-0: Swinging Strike
0-1: Fly out, F5 (Popup, 5S, EV 75.6 MPH)
Batting: RHB Scott Hoagland 0-0: Called Strike
0-1: Fly out, F6 (Line Drive, 56D, EV 69.4 MPH)
Top of the 3rd over - 1 run, 1 hit, 1 error, 2 left on base; Los Angeles 3 - Cleveland 0
BOTTOM OF THE 3RD
Cleveland Guardians batting - Pitching for Los Angeles Angels : RHP Ryan Masterson
Batting: LHB James Sameer 0-0: Ball
1-0: Ball
2-0: Called Strike
2-1: Foul Ball, location: 7LMF
2-2: Ball
3-2: Ground out 6-3 (Groundball, 6M, EV 82.5 MPH)
Batting: RHB Rogelio Cosme 0-0: Foul Ball, location: 9LMF
0-1: Ball
1-1: Ground out 5-3 (Groundball, 5, EV 108.1 MPH)
Batting: SHB Bobby Newman 0-0: Swinging Strike
0-1: Ball
1-1: Foul Ball, location: 3F
1-2: Strikes out looking
Bottom of the 3rd over - 0 runs, 0 hits, 0 errors, 0 left on base; Los Angeles 3 - Cleveland 0
TOP OF THE 4TH
Los Angeles Angels batting - Pitching for Cleveland Guardians : RHP Matt Mattingly
Batting: LHB Conor Long 0-0: Ball
1-0: Called Strike
1-1: Ball
2-1: Ball
3-1: Foul Ball, location: 7LDF
3-2: SINGLE (Line Drive, 89S, EV 91.9 MPH)
Batting: RHB Jason Johnson 0-0: Grounds into double play, 5-4-3 (Groundball, 5, EV 105.0 MPH)
Batting: RHB Danny Adams 0-0: Ball
1-0: Ball
2-0: Ball
3-0: Called Strike
3-1: Swinging Strike
3-2: Strikes out swinging
Top of the 4th over - 0 runs, 1 hit, 0 errors, 0 left on base; Los Angeles 3 - Cleveland 0
BOTTOM OF THE 4TH
Cleveland Guardians batting - Pitching for Los Angeles Angels : RHP Ryan Masterson
Batting: RHB Dave Steinhart 0-0: Ball
1-0: Foul Ball, location: 2F
1-1: SINGLE (Line Drive, 9S, EV 108.8 MPH)
Batting: RHB Brian Ellis 0-0: Ball
1-0: Foul Ball, location: 2F
1-1: Foul Ball, location: 25FF
1-2: Foul Ball, location: 2F
1-2: Foul Ball, location: 5F
1-2: Ball
2-2: Ball
3-2: Foul Ball, location: 9LSF
3-2: Foul Ball, location: 2F
3-2: Foul Ball, location: 2F
3-2: Strikes out looking
Dave Steinhart steals 2nd base
Batter strikes out.
Batting: RHB Gustavo Franco 0-0: Foul Ball, location: 23F
0-1: Ball
1-1: SINGLE (Groundball, 6S, EV 65.0 MPH) (infield hit)
Dave Steinhart to third
Batting: RHB Bill Widby 0-0: Foul Ball, location: 5F
0-1: Ball
1-1: Called Strike
1-2: Ball
2-2: Fly out, F8 (Line Drive, 8LS, EV 100.6 MPH)
Runner from 3rd tags up, SCORES, throw by CF
Batting: LHB Chris Pineiro 0-0: Ball
1-0: Called Strike
1-1: Swinging Strike
1-2: Ball
Gustavo Franco steals 2nd base
2-2: Strikes out looking
Bottom of the 4th over - 1 run, 2 hits, 0 errors, 1 left on base; Los Angeles 3 - Cleveland 1
TOP OF THE 5TH
Los Angeles Angels batting - Pitching for Cleveland Guardians : RHP Matt Mattingly
Batting: RHB Gary Dennis 0-0: Ball
1-0: Ball
2-0: Called Strike
2-1: Fly out, F9 (Flyball, 9S, EV 78.8 MPH)
Batting: RHB Dan Boyd 0-0: Bunt missed!
0-1: Foul Ball, location: 9LMF
0-2: Ball
1-2: Fly out, F9 (Flyball, 9S, EV 89.4 MPH)
Batting: RHB Sho Yasunaga 0-0: Ground out 5-3 (Groundball, 56, EV 90.6 MPH)
Top of the 5th over - 0 runs, 0 hits, 0 errors, 0 left on base; Los Angeles 3 - Cleveland 1
BOTTOM OF THE 5TH
Cleveland Guardians batting - Pitching for Los Angeles Angels : RHP Ryan Masterson
Batting: RHB Chris Roberts 0-0: Called Strike
0-1: Foul Ball, location: 2F
0-2: Strikes out looking
Batting: LHB James Sameer 0-0: Ball
1-0: Called Strike
1-1: Ball
2-1: Ball
3-1: Base on Balls
Batting: RHB Rogelio Cosme 0-0: Foul Ball, location: 5DF
0-1: Ball
1-1: Swinging Strike
1-2: Strikes out swinging
Batting: SHB Bobby Newman 0-0: Ball
1-0: Ball
2-0: Foul Ball, location: 2F
2-1: Ground out 4-3 (Groundball, 4, EV 91.9 MPH)
Bottom of the 5th over - 0 runs, 0 hits, 0 errors, 1 left on base; Los Angeles 3 - Cleveland 1
TOP OF THE 6TH
Los Angeles Angels batting - Pitching for Cleveland Guardians : RHP Matt Mattingly
Batting: RHB David Elson 0-0: Fly out, F8 (Flyball, 8LXD, EV 103.8 MPH)
Batting: LHB Ed Miller 0-0: Called Strike
0-1: Ground out 4-3 (Groundball, 4, EV 86.3 MPH)
Batting: RHB Scott Hoagland 0-0: Swinging Strike
0-1: Ball
1-1: Ball
2-1: Foul Ball, location: 5F
2-2: Fly out, F4 (Popup, 4, EV 66.3 MPH)
Top of the 6th over - 0 runs, 0 hits, 0 errors, 0 left on base; Los Angeles 3 - Cleveland 1
BOTTOM OF THE 6TH
Cleveland Guardians batting - Pitching for Los Angeles Angels : RHP Ryan Masterson
Batting: RHB Dave Steinhart 0-0: Ball
1-0: SINGLE (Line Drive, 9S, EV 96.3 MPH)
Batting: RHB Brian Ellis 0-0: Ball
1-0: Ball
2-0: Ball
Dave Steinhart steals 2nd base
3-0: Base on Balls
Batting: RHB Gustavo Franco 0-0: Fielders Choice at 2nd, 6-4 (Groundball, 6, EV 93.8 MPH)
Dave Steinhart to third
Batting: RHB Bill Widby 0-0: Ball
1-0: Swinging Strike
1-1: SINGLE (Groundball, 6MD, EV 95.0 MPH)
Dave Steinhart scores
Gustavo Franco to second
Runner from 2nd tries for 3rd, SAFE, throw by CF made to third
Batting: LHB Chris Pineiro 0-0: Called Strike
0-1: Grounds into double play, 6-4-3 (Groundball, 56, EV 86.9 MPH)
Bottom of the 6th over - 1 run, 2 hits, 0 errors, 1 left on base; Los Angeles 3 - Cleveland 2
TOP OF THE 7TH
Los Angeles Angels batting - Pitching for Cleveland Guardians : RHP Matt Mattingly
Batting: LHB Conor Long 0-0: Called Strike
0-1: Ball
1-1: Foul Ball, location: 2F
1-2: SINGLE (Line Drive, 9S, EV 99.4 MPH)
Batting: RHB Jason Johnson 0-0: Called Strike
0-1: Ball
1-1: Called Strike
1-2: SINGLE (Line Drive, 5D, EV 105.6 MPH)
Conor Long to second
Pitching: RHP David Hanks
Batting: RHB Danny Adams 0-0: Fly out, F7 (Flyball, 7D, EV 111.3 MPH)
Batting: RHB Gary Dennis 0-0: Ball
1-0: Foul Ball, location: 2F
1-1: SINGLE (Line Drive, 78S, EV 96.9 MPH)
Conor Long to third
Jason Johnson to second
Batting: RHB Dan Boyd 0-0: Ball
1-0: Foul Ball, location: 2F
1-1: Swinging Strike
1-2: Foul Ball, location: 2F
1-2: Strikes out swinging
Batting: RHB Sho Yasunaga 0-0: Foul Ball, location: 5DF
0-1: Ball
1-1: Ball
2-1: Ground out 1-3 (Groundball, 25, EV 77.5 MPH)
Top of the 7th over - 0 runs, 3 hits, 0 errors, 3 left on base; Los Angeles 3 - Cleveland 2
BOTTOM OF THE 7TH
Cleveland Guardians batting - Pitching for Los Angeles Angels : RHP Ryan Masterson
Batting: RHB Chris Roberts 0-0: SINGLE (Line Drive, 78S, EV 103.1 MPH)
Pitching: RHP Bang Thian
Batting: LHB James Sameer 0-0: Ball
1-0: Ball
2-0: Foul Ball, location: 2F
2-1: Ground out 6-3 (Groundball, 6D, EV 96.9 MPH)
Chris Roberts to second
Pinch Hitting: LHB Jesus Medrano 0-0: Called Strike
0-1: Ball
1-1: Ball
2-1: Swinging Strike
2-2: Foul Ball, location: 7LMF
2-2: Foul Ball, location: 2F
2-2: Ball
3-2: Strikes out swinging
Batting: SHB Bobby Newman 0-0: Ball
1-0: Foul Ball, location: 2RF
1-1: Ground out 1-3 (Groundball, 34S, EV 72.5 MPH)
Bottom of the 7th over - 0 runs, 1 hit, 0 errors, 1 left on base; Los Angeles 3 - Cleveland 2
TOP OF THE 8TH
Los Angeles Angels batting - Pitching for Cleveland Guardians : RHP David Hanks
Now in LF: Jesus Medrano
Batting: RHB David Elson 0-0: Called Strike
0-1: Ball
1-1: Ball
2-1: Ball
3-1: Called Strike
3-2: Foul Ball, location: 2F
3-2: Foul Ball, location: 2F
3-2: Base on Balls
Batting: LHB Ed Miller 0-0: SINGLE (Line Drive, 7LS, EV 85.6 MPH)
David Elson to second
Batting: RHB Scott Hoagland 0-0: Swinging Strike
0-1: Ball
1-1: Grounds into double play, 4-6-3 (Groundball, 4, EV 86.3 MPH)
David Elson to third
Batting: LHB Conor Long 0-0: Ball
1-0: Ball
2-0: Ball
3-0: Called Strike
3-1: Ground out U3 (Groundball, 34, EV 85.6 MPH)
Top of the 8th over - 0 runs, 1 hit, 0 errors, 1 left on base; Los Angeles 3 - Cleveland 2
BOTTOM OF THE 8TH
Cleveland Guardians batting - Pitching for Los Angeles Angels : RHP Bang Thian
Batting: RHB Dave Steinhart 0-0: Ball
1-0: Ball
2-0: SINGLE (Flyball, 78XD, EV 93.1 MPH)
Batting: RHB Brian Ellis 0-0: Ball
1-0: Called Strike
1-1: Ball
2-1: Called Strike
2-2: Ball
3-2: Fielders Choice at 2nd, 6-4 (Groundball, 56S, EV 78.8 MPH)
Batting: RHB Gustavo Franco 0-0: Called Strike
0-1: Ball
1-1: Grounds into double play, 6-4-3 (Groundball, 6, EV 80.0 MPH)
Bottom of the 8th over - 0 runs, 1 hit, 0 errors, 0 left on base; Los Angeles 3 - Cleveland 2
TOP OF THE 9TH
Los Angeles Angels batting - Pitching for Cleveland Guardians : RHP David Hanks
Pitching: RHP Billy Harp
Batting: RHB Jason Johnson 0-0: Ball
1-0: Ball
2-0: Foul Ball, location: 9LSF
2-1: Foul Ball, location: 2F
2-2: Foul Ball, location: 3F
2-2: Strikes out swinging
Batting: RHB Danny Adams 0-0: Called Strike
0-1: Ball
1-1: Ball
2-1: Foul Ball, location: 2F
2-2: Ground out 5-3 (Groundball, 5, EV 86.9 MPH)
Batting: RHB Gary Dennis 0-0: Ball
1-0: Fly out, F7 (Flyball, 78M, EV 91.3 MPH)
Top of the 9th over - 0 runs, 0 hits, 0 errors, 0 left on base; Los Angeles 3 - Cleveland 2
BOTTOM OF THE 9TH
Cleveland Guardians batting - Pitching for Los Angeles Angels : RHP Bang Thian
Pitching: RHP Tony Sanchez
Batting: RHB Bill Widby 0-0: Called Strike
0-1: Ball
1-1: Called Strike
1-2: Strikes out swinging
Batting: LHB Chris Pineiro 0-0: Ball
1-0: Foul Ball, location: 9LSF
1-1: Ball
2-1: Called Strike
2-2: Strikes out looking
Batting: RHB Chris Roberts 0-0: Called Strike
0-1: Swinging Strike
0-2: Ball
1-2: Foul Ball, location: 9LDF
1-2: Ball
2-2: Ball
3-2: Foul Ball, location: 7LMF
3-2: Strikes out looking
Bottom of the 9th over - 0 runs, 0 hits, 0 errors, 0 left on base; Los Angeles 3 - Cleveland 2
Tuesday, March 18th , 2025 - OOTP Baseball 25.11 Build 104